Map: Ever Dream LE

Players

ShoWTimE

  • Race: Protoss Protoss
  • League: Master
  • Spawn Location: 1:00

HeroMarine - Winner!

  • Race: Terran Terran
  • League: Master
  • Spawn Location: 7:00

Event: DreamHack SC2 Masters 2020 Fall

VOD

Have the link to the VOD?

Description

Time

  • Played on: Sept. 11, 2020, 1:40 p.m.
  • Length: 10:44

All games in this series

Show
View Real Time Build Order
Export as new Build Order

ShoWTimE Protoss 

Build Orders: 1 Gate Expand, Blink Stalkers 

Get SALT Encoding   

  12  0:00  Probe  
  13  0:12  Probe  
  14  0:17  Pylon  
  14  0:24  Probe (Chrono Boost)  
  15  0:36  Probe (Chrono Boost), Gateway  
  16  0:44  Probe (Chrono Boost)  
  16  0:45  Assimilator  
  17  0:50  Probe  
  18  1:03  Probe  
  19  1:15  Probe  
  20  1:23  Cybernetics Core  
  20  1:32  Nexus  
  20  1:37  Zealot (Chrono Boost)  
  22  1:45  Pylon  
  23  1:47  Probe  
  23  1:53  Assimilator  
  23  2:01  Stalker (Chrono Boost)  
  23  2:03  Probe  
  25  2:08  Warp Gate  
  25  2:15  Probe (Chrono Boost)  
  26  2:27  Probe (Chrono Boost)  
  26  2:28  Stalker  
  29  2:33  Probe (Chrono Boost)  
  30  2:43  Twilight Council  
  30  2:44  Probe (Chrono Boost)  
  32  2:45  Probe (Chrono Boost)  
  32  2:53  Probe (Chrono Boost)  
  32  2:56  Probe (Chrono Boost), Gateway  
  34  2:58  Probe (Chrono Boost)  
  36  3:05  Probe  
  36  3:10  Probe  
  36  3:11  Robotics Facility  
  37  3:17  Probe  
  38  3:22  Probe  
  38  3:23  Blink (Chrono Boost)  
  39  3:28  Pylon  
  39  3:29  Probe  
  40  3:34  Probe  
  40  3:38  Shield Battery  
  41  3:42  Probe  
  41  3:46  Probe  
  43  3:54  Probe  
  44  3:56  Gateway  
  44  3:57  Stalker, Sentry  
  44  3:58  Probe  
  49  4:04  Assimilator  
  49  4:06  Probe  
  49  4:07  Pylon  
  50  4:11  Probe  
  50  4:14  Observer  
  52  4:18  Probe  
  52  4:20  Phoenix  
  52  4:23  Nexus  
  53  4:24  Probe  
  53  4:30  Probe  
  54  4:32  Stalker  
  54  4:37  Probe  
  54  4:44  Stalker  
  55  4:47  Probe  
  56  4:55  Forge  
  56  4:56  Probe  
  57  5:01  Probe  
  57  5:05  Pylon  
  58  5:08  Probe  
  58  5:09  Pylon  
  59  5:16  Stalker  
  61  5:22  Charge  
  61  5:24  Pylon  
  61  5:25  Probe x2  
  61  5:26  Observer  
  64  5:31  Protoss Ground Armor Level 1 (Chrono Boost)  
  64  5:34  Gateway  
  64  5:35  Probe  
  65  5:37  Probe x2, Gateway  
  67  5:47  Probe  
  68  5:51  Immortal (Chrono Boost)  
  68  5:53  Probe  
  68  5:55  Probe  
  68  5:56  Gateway  
  74  6:00  Gateway  
  74  6:04  Gateway  
  74  6:08  Probe x3  
  74  6:09  Sentry  
  79  6:14  Zealot  
  79  6:15  Shield Battery  
  79  6:16  Zealot  
  83  6:20  Probe  
  83  6:24  Observer (Chrono Boost)  
  85  6:31  Probe, Zealot x2  
  90  6:34  Pylon  
  90  6:35  Zealot x2  
  90  6:39  Pylon  
  94  6:40  Immortal (Chrono Boost)  
  98  6:47  Pylon  
  95  7:01  Zealot x6  
  95  7:07  Zealot x2  
  70  7:25  Zealot x5  
  74  7:31  Probe, Protoss Ground Weapons Level 1 (Chrono Boost)  
  74  7:32  Probe x2  
  74  7:33  Pylon  
  74  7:35  Sentry x3  
  83  7:45  Stalker  
  83  7:49  Immortal (Chrono Boost)  
  89  7:52  Observer  
  89  7:53  Stalker  
  89  7:57  Stalker x2  
  93  8:01  Pylon  
  93  8:04  Sentry  
  93  8:05  Shield Battery  
  95  8:09  Zealot x2  
  98  8:16  Probe x2  
  98  8:17  Pylon  
  100  8:25  Warp Prism (Chrono Boost), Zealot x2  
  106  8:35  Zealot x3  
  112  8:46  Zealot x5  
  116  8:48  Observer  
  114  8:56  Pylon  
  114  8:59  Zealot x2  
  114  9:00  Zealot  
  120  9:04  Pylon  
  120  9:06  Zealot  
  120  9:07  Zealot x2  
  120  9:09  Observer  
  127  9:14  Zealot x2  
  127  9:18  Pylon  
  127  9:36  Dark Shrine  
  127  9:38  Stalker x3  
  131  9:39  Zealot x2  
  131  9:41  Stalker x2  
  115  10:06  Stalker  
  117  10:09  Stalker x5  
  117  10:10  Sentry  
  102  10:32  Zealot x7  
Show
View Real Time Build Order
Export as new Build Order

HeroMarine Terran - Winner!

Build Orders:  

Get SALT Encoding   

  12  0:00  SCV  
  13  0:12  SCV  
  14  0:16  Supply Depot  
  14  0:24  SCV  
  15  0:38  SCV  
  15  0:39  Barracks  
  16  0:44  Refinery  
  16  0:50  SCV  
  16  0:54  Refinery  
  17  1:02  SCV  
  18  1:14  SCV  
  19  1:26  Reaper, Orbital Command  
  20  1:42  Supply Depot  
  20  1:45  Factory  
  20  1:52  SCV  
  21  1:58  Reaper  
  22  2:04  SCV  
  23  2:16  SCV  
  23  2:19  Command Center  
  24  2:28  SCV, Hellion  
  27  2:39  Starport  
  27  2:41  SCV  
  28  2:46  Supply Depot  
  30  2:51  Hellion  
  30  2:54  SCV  
  30  2:55  Barracks Reactor  
  31  3:07  SCV  
  34  3:13  Widow Mine  
  34  3:18  Medivac  
  34  3:19  SCV  
  37  3:31  SCV, Orbital Command, Marine x2  
  40  3:35  Factory Tech Lab  
  40  3:43  SCV  
  41  3:49  Marine x2  
  41  3:50  Supply Depot  
  43  3:56  SCV  
  43  3:57  Barracks  
  43  3:58  SCV  
  43  4:00  Factory Tech Lab  
  45  4:04  Raven  
  45  4:07  Marine x2  
  45  4:08  SCV  
  50  4:10  SCV  
  51  4:17  Supply Depot  
  51  4:20  SCV, Siege Tank  
  55  4:26  Barracks  
  55  4:27  SCV  
  55  4:31  Marine x2  
  56  4:32  SCV  
  59  4:39  SCV  
  59  4:42  Refinery  
  59  4:43  Engineering Bay  
  59  4:44  SCV  
  61  4:49  Marine x2  
  61  4:51  SCV, Supply Depot  
  64  4:56  SCV  
  64  4:57  Stimpack  
  64  4:59  Starport Reactor  
  65  5:00  Marine  
  65  5:03  SCV  
  65  5:04  Factory Reactor  
  67  5:07  Marine x2  
  67  5:08  SCV  
  67  5:10  Terran Infantry Weapons Level 1  
  70  5:15  SCV  
  70  5:18  Marauder  
  73  5:22  Refinery  
  73  5:23  SCV, Supply Depot  
  73  5:25  Marine x2  
  73  5:27  SCV  
  75  5:29  Combat Shield, Marine  
  77  5:35  SCV  
  77  5:39  SCV  
  78  5:43  Supply Depot  
  78  5:44  Marine x3  
  78  5:46  Supply Depot  
  78  5:48  Marauder  
  84  5:50  Supply Depot  
  84  5:53  Medivac  
  85  6:04  Medivac, Marine  
  85  6:05  Supply Depot, Marauder, Widow Mine x2  
  85  6:08  Marine  
  85  6:09  Marauder  
  97  6:14  SCV  
  97  6:15  SCV  
  99  6:22  Marine  
  100  6:26  Marauder, Marine  
  100  6:30  Marauder  
  100  6:31  Command Center, Widow Mine x2  
  109  6:33  Medivac  
  109  6:36  Medivac  
  113  6:40  Concussive Shells  
  113  6:41  Supply Depot  
  113  6:45  Marine  
  114  6:47  Marauder  
  114  6:48  Marine  
  114  6:52  SCV  
  118  7:02  SCV, Marauder  
  118  7:07  SCV  
  107  7:09  Marauder, Marine x2  
  107  7:12  Widow Mine x2  
  107  7:14  SCV  
  107  7:15  Medivac x2  
  113  7:19  SCV  
  113  7:21  Barracks  
  109  7:23  Barracks  
  109  7:26  SCV  
  109  7:29  Marauder  
  105  7:30  Marine x2  
  105  7:33  Marauder  
  105  7:36  SCV, Widow Mine x2  
  113  7:38  SCV  
  113  7:40  Terran Infantry Armor Level 1  
  114  7:45  Orbital Command  
  114  7:48  SCV  
  114  7:49  Marine x2  
  114  7:51  SCV  
  117  7:56  Marauder x2  
  119  8:01  SCV  
  119  8:03  SCV, Widow Mine x2  
  119  8:05  Liberator  
  125  8:06  Liberator  
  131  8:13  SCV  
  131  8:14  SCV  
  131  8:15  SCV  
  131  8:18  Refinery x2, Ghost Academy  
  131  8:19  Barracks Reactor, Barracks Tech Lab  
  134  8:21  Marauder  
  134  8:24  Marauder  
  134  8:25  SCV  
  134  8:26  SCV  
  134  8:27  Marine  
  140  8:32  SCV, Marine  
  141  8:37  Armory  
  141  8:38  Supply Depot, Engineering Bay  
  141  8:40  SCV x2  
  141  8:43  Marauder  
  141  8:46  SCV, Marauder  
  138  8:50  Marauder  
  138  8:52  Widow Mine  
  138  8:54  Marine  
  141  8:59  Bunker, Marine, Widow Mine  
  141  9:00  Marine x2  
  141  9:01  Supply Depot  
  141  9:02  Enhanced Shockwaves, Supply Depot  
  146  9:05  Marauder  
  148  9:12  Command Center  
  148  9:14  Orbital Command  
  148  9:19  Marine  
  148  9:22  Marine x2  
  148  9:23  Medivac x2, Marauder  
  148  9:24  Marauder, Widow Mine x2  
  163  9:25  Supply Depot  
  163  9:27  SCV  
  163  9:28  SCV  
  152  9:47  Marine  
  152  9:48  Marauder x2, Marine  
  152  9:51  Marauder  
  152  9:52  Marine  
  140  9:57  Marine  
  141  10:06  Supply Depot, Bunker  
  141  10:08  Ghost, Marine x2  
  141  10:09  Ghost  
  141  10:11  Ghost, Marine  
  145  10:15  Marine  
  137  10:21  SCV  
  137  10:22  SCV  
  137  10:26  Marine  

Tags
 
Add a new tag
Caveats
  • Supply blocks, unpowered buildings, or Contaminate may cause inaccurate times.
  • Supply counts are checked every 10 seconds.